 Dungeon Crawl Stone Soup version 0.27.1-35-g4d5d836560 (console) character file.

Game seed: 16922739836436516590

50 Faeu the Firebug (level 3, -7/26 HPs)
             Began as a Draconian Fire Elementalist on May 17, 2022.
             Mangled by Sigmund (10 damage)
             ... on level 2 of the Dungeon.
             The game lasted 00:08:10 (1505 turns).

Faeu the Firebug (Draconian Fire Elementalist)      Turns: 1505, Time: 00:08:11

Health: -7/26      AC:  6    Str: 16    XL:     3   Next: 55%
Magic:  13/15      EV: 12    Int: 16    God:
Gold:   47         SH:  0    Dex: 11    Spells: 5/6 levels left

rFire    . . .     SeeInvis .   l - +4 whip {mace}
rCold    . . .     Faith    .   (no shield)
rNeg     . . .     Spirit   .   (armour unavailable)
rPois    .         Reflect  .   (helmet restricted)
rElec    .         Harm     .   f - +0 cloak
rCorr    .         Rampage  .   (no gloves)
Will     .....                  (no boots)
Stlth    ++........             (no amulet)
HPRegen  0.08/turn              a - ring of magical power
MPRegen  0.14/turn              j - +6 ring of strength

@: no status effects
A: AC +5, unfitting armour, cold-blooded
a: no special abilities


You were on level 2 of the Dungeon.
You visited 1 branch of the dungeon, and saw 2 of its levels.

You collected 47 gold pieces.


Innate Abilities, Weirdness & Mutations

Your plain brown scales are hard. (AC +5)
You cannot fit into any form of body armour.
You are cold-blooded and may be slowed by cold attacks.


   Skills:
 + Level 2.3 Dodging
 + Level 2.4 Stealth
 - Level 2.0 Spellcasting
 + Level 1.9 Conjurations
 + Level 3.4 Fire Magic


You had 5 spell levels left.
You knew the following spells:

 Your Spells              Type           Power      Damage    Failure   Level
a - Foxfire               Conj/Fire      40%        2x1d6     7%          1

Your spell library contained the following spells:

 Spells                   Type           Power      Damage    Failure   Level
 Conjure Flame            Conj/Fire      10%        6-21      21%         3
 Inner Flame              Hex/Fire       7%         N/A       30%         3
 Sticky Flame             Conj/Fire      10%        2d3       56%         4
 Fireball                 Conj/Fire      5%         3d5       88%         5

Inventory:

Hand Weapons
 c - a +0 club {mace}
   (You took it off a goblin on level 1 of the Dungeon)
 h - a +0 short sword {short}
   (You found it on level 1 of the Dungeon)
 i - a +0 dagger {short}
   (You took it off a kobold on level 1 of the Dungeon)
 l - a +4 whip (weapon) {mace}
   (You found it on level 1 of the Dungeon)
Missiles
 b - 7 stones {throwing}
Armour
 f - a +0 cloak (worn)
   (You found it on level 1 of the Dungeon)
Jewellery
 a - a ring of magical power (left hand)
   (You found it on level 1 of the Dungeon)
 j - a +6 ring of strength (right hand)
   (You found it on level 1 of the Dungeon)
Scrolls
 d - 2 scrolls of teleportation {unknown}
 k - 2 scrolls of identify {unknown}
Potions
 e - a potion of heal wounds {unknown}
 g - a potion of mutation {unknown}

Dungeon Overview and Level Annotations

Branches:
Dungeon (2/15)

Altars:

Shops:
D:1 =

Annotations:
D:2 Sigmund

#####.#### #.....# #. #.#
##...## #. #.# ##.## #. #.#
#.# #. #.## #.# #. #..#
##'## ######. ##.# ##..)##
#...... #.### ##.....##
##.##### #.#.##
##.......###.#..#
##....####...{.....#.###w..#
#........+.@.......'.?# ....
#.#...####...w.....###.....#
#.##.## ##)......## ##.#.#
#.# ## ##.....## #.#
#.####### ##...## #
#####.##....# ##'##
#[........#.# #.#
#.###.##..#(# #>####### #.#
#.##.)#.# ##........ #.#
#.....#.# ##...###### #.#
####..#.# #.....#


You could see a worm.


Message History

You lost 1 mp, and now have 14/15 mp.
The foxfire hits the ball python.
You kill the ball python!
You conjure some foxfire! 😎 MP[-1]
You lost 1 mp, and now have 13/15 mp. 😎 MP[+1] 😎 MP[+1]
Your mp is fully restored (15).
You see here a +0 robe.
A goblin comes into view. It is wielding a +0 club.
The goblin shouts!
You conjure some foxfire! 😎 MP[-1]
You lost 1 mp, and now have 14/15 mp.
The foxfire hits the goblin.
You kill the goblin!
You see here a +0 whip {mace}. 😎 MP[+1]
Your mp is fully restored (15).
You see here a +0 club {mace}.
You now have 21 gold pieces (gained 13).
There is a stone staircase leading down here.
You open the door.
A goblin comes into view. It is wielding a +0 dagger.
There is an open door here.
You conjure some foxfire! 😎 MP[-1]
You lost 1 mp, and now have 14/15 mp.
The goblin shouts!
The foxfire hits the goblin. x2
You kill the goblin! 😎 MP[+1]
Your mp is fully restored (15).
You now have 35 gold pieces (gained 14).
You open the door.
There is an open door here.
You now have 47 gold pieces (gained 12).
A worm comes into view.
As you open the door, it creaks loudly!
You hear a shout!
Sigmund the Dreaded comes into view.
He is wielding a +0 scythe.
There is an open door here.
Sigmund casts a spell at you.
The puff of flame hits you but does no damage.
You conjure some foxfire! 😎 MP[-1]
You lost 1 mp, and now have 14/15 mp.
The foxfire hits Sigmund. x2
You conjure some foxfire! 😎 MP[-1]
You lost 1 mp, and now have 13/15 mp.
The foxfire hits Sigmund but does no damage. x2
You conjure some foxfire! 😎 MP[-1]
You lost 1 mp, and now have 12/15 mp.
The foxfire hits Sigmund.
The foxfire hits Sigmund but does no damage.
Sigmund points at you and mumbles some strange words.
You resist with significant effort.
You conjure some foxfire!
Sigmund mumbles some strange words.
Sigmund flickers and vanishes!
Deactivating autopickup; reactivate with Ctrl-A.
The foxfire hits something.
The foxfire hits something but does no damage.
You conjure some foxfire! 😎 MP[-1]
You lost 1 mp, and now have 11/15 mp.
The foxfire hits something but does no damage.
The foxfire hits something.
You hear some strange, mumbled words.
Something tries to affect you, but you resist.
You are confused.
You're too confused to move!
Something tries to affect you, but you resist.
You're too confused to cast spells.
You bump into the closed door. 😎 MP[+1]
You hear some strange, mumbled words.
You are more confused.
Something hits you. 😕 HP[-4]
You take 4 damage, and now have 22/26 hp.
You're too confused to move!
Something hits you!
* * * LOW HITPOINT WARNING * * *
😨 HP[-9]
You take 9 damage, and now have 13/26 hp.
MASSIVE DAMAGE!! (PAUSE)
Something hits you!
* * * LOW HITPOINT WARNING * * *
😱 HP[-10]
You take 10 damage, and now have 3/26 hp.
MASSIVE DAMAGE!! (PAUSE)
Something hits you but does no damage. 😱 MP[+1]
The worm misses you.
You feel less confused. Something hits you!
You die...

Skill      XL: |  1 |
---------------+----+-----
Dodging        | 2 |  2.3
Stealth        | 2 |  2.4
Spellcasting   | |  2.0
Conjurations   | |  1.9
Fire Magic     | |  3.4

Action                   || total
-------------------------++-------
Melee: Unarmed           ||    15
       Tailslap          ||     4
       Whip              ||    14
 Cast: Foxfire           ||    39
 Stab: Sleeping          ||     1
Armor: Skin              ||    13
Dodge: Dodged            ||    19

Levels and vault maps discovered:
D:1:      minmay_arrival_five_plusses, layout_basic, serial_shops,
          nicolae_shop_statue_plus, ebering_ecumenical_altar_petrified
D:2:      layout_loops_corners, grunt_ministairs_8, uniq_terence, uniq_sigmund

Notes
Turn   | Place    | Note
-------+----------+-------------------------------------------
     0 | D:1      | Faeu the Draconian Fire Elementalist began the quest for
                  | the Orb.
     0 | D:1      | Reached XP level 1. HP: 14/14 MP: 3/3
     0 | D:1      | magus.rc [v1.9.6]
   396 | D:1      | Found a faded altar of an unknown god.
   533 | D:1      | Reached skill level 2 in Dodging
   533 | D:1      | Reached skill level 2 in Stealth
   533 | D:1      | Reached XP level 2. HP: 17/20 MP: 5/5
   548 | D:1      | Found Vec Cuaqefa's Jewellery Emporium.
  1194 | D:2      | Reached XP level 3. HP: 26/26 MP: 6/6
  1480 | D:2      | Noticed Sigmund
  1502 | D:2      | HP: 3/26 [something (10)]
  1505 | D:2      | Mangled by Sigmund

Vanquished Creatures
  2 adders (D:2)
  A dart slug (D:1)
  3 ball pythons
  4 bats
  4 endoplasms (D:1)
  A giant cockroach (D:2)
  3 goblins
  3 hobgoblins (D:1)
  2 kobolds
  A quokka (D:2)
  2 frilled lizards
  A rat (D:2)
27 creatures vanquished.

Vanquished Creatures (others)
  62 foxfires
62 creatures vanquished.

Grand Total: 89 creatures vanquished

Table legend:
 A = Non-vault XP
 B = Vault XP
 C = Vault XP percentage of total XP
 D = Non-vault monster count
 E = Vault monster count
 F = Vault count percentage of total count
                 A         B        C        D         E       F
            +---------+---------+-------+---------+---------+-------
      Total |      72 |       0 |   0.0 |      27 |       0 |   0.0
            +---------+---------+-------+---------+---------+-------
        D:1 |      30 |       0 |   0.0 |      15 |       0 |   0.0
        D:2 |      42 |       0 |   0.0 |      12 |       0 |   0.0
            +---------+---------+-------+---------+---------+-------

Illustrated notes

Table legend:
 A = Kills in this place as a percentage of kills in entire the game.
 B = Kills by you in this place as a percentage of kills by you in the entire game.
 C = Kills by friends in this place as a percentage of kills by friends in the entire game.
 D = Other kills in this place as a percentage of other kills in the entire game.
 E = Experience gained in this place as a percentage of experience gained in the entire game.
 F = Experience gained in this place divided by the number of levels of this place that you have seen.
                   A       B       C       D       E      F
               +-------+-------+-------+-------+-------+----------------------
         Total | 100.0 | 100.0 |   N/A |   N/A | 100.0 |  36.0
       Dungeon | 100.0 | 100.0 |   N/A |   N/A | 100.0 |  36.0
               +-------+-------+-------+-------+-------+----------------------

Table legend: (Time is in decaauts)
 A = Elapsed time spent in this place.
 B = Non-inter-level travel time spent in this place.
 C = Inter-level travel time spent in this place.
 D = Time resting spent in this place.
 E = Time spent auto-exploring this place.
 F = Levels seen in this place.
 G = Mean time per level.
                   A        B        C        D        E       F      G
               +--------+--------+--------+--------+--------+-----+--------+
         Total |   1511 |   1480 |     31 |    285 |    271 |   2 |  755.5 |
       Dungeon |   1511 |   1480 |     31 |    285 |    271 |   2 |  755.5 |
               +--------+--------+--------+--------+--------+-----+--------+

Top non-repeatable levels by time:
     D:1: 1129 daAuts
     D:2: 382 daAuts
